 Dungeon Crawl Stone Soup version 0.32-a0-540-g866d13106e (webtiles) character file.

Game seed: 2369406723954010444

99479 ragingrage the Fencer (level 16, -1/136 HPs)
             Began as a Coglin Berserker on Feb 29, 2024.
             Was a High Priest of Trog.
             Succumbed to a naga's splash of poison
             ... on level 1 of the Snake Pit.
             The game lasted 00:25:12 (26042 turns).

ragingrage the Fencer (Coglin Berserker)           Turns: 26042, Time: 00:25:13

Health: -1/136     AC: 25    Str: 18    XL:     16   Next: 25%
Magic:  16/16      EV: 12    Int:  8    God:    Trog [*****.]
Gold:   1687       SH:  0    Dex: 20    Spells: 15/15 levels left

rFire   + . .        w - +3 double sword (flame) {Constanze}
rCold   + . .        I - +2 scimitar (flame) {Mirna}
rNeg    . . .        S - +2 plate armour {Will+}
rPois   .            (no helmet)
rElec   .            J - +2 cloak
rCorr   .            P - +2 pair of gloves {Stlth+}
SInv    .            v - +0 pair of boots
Will    ++...        H - amulet of regeneration Stlth
                     (ring unavailable)
HPRegen 1.22/turn    (ring unavailable)
MPRegen 0.15/turn

%: no passive effects
@: lethally poisoned (-1 -> -11), on berserk cooldown, slowed, revved, very slow
A: cold resistance 1, fire resistance 1, off-hand wielding, slow wielding,
warmup strikes, no rings
a: Renounce Religion, Berserk, Trog's Hand, Brothers in Arms


You were on level 1 of the Snake Pit.
You worshipped Trog.
Trog was extremely pleased with you.
You visited 4 branches of the dungeon, and saw 23 of its levels.

You collected 1988 gold pieces.
You spent 301 gold pieces at shops.

Inventory:

Hand Weapons
 j - a +7 sling of freezing
 w - a +3 double sword of flaming (weapon) {Constanze}
 I - a +2 scimitar of flaming (offhand) {Mirna}
Missiles
 g - 42 poisoned darts (quivered)
 N - 4 curare-tipped darts
Armour
 v - a +0 pair of boots (worn)
 J - a +2 cloak (worn)
 M - the +2 robe of the Moon Troll {Str+3 Int+3}
   (You found it on level 3 of the Lair of Beasts)

   Str+3:     It affects your strength (+3).
   Int+3:     It affects your intelligence (+3).
 P - a +2 pair of gloves of stealth (worn)
 S - a +2 plate armour of willpower (worn)
Jewellery
 H - an amulet of regeneration (around neck)
Wands
 h - a wand of flame (52)
 k - a wand of charming (5)
 u - a wand of polymorph (22)
 D - a wand of digging (3)
 F - a wand of warping (23)
 K - a wand of mindburst (7)
 L - a wand of light (3)
Scrolls
 a - 2 scrolls of enchant armour
 e - 3 scrolls of silence
 f - 4 scrolls of enchant weapon
 l - a scroll of summoning
 n - 4 scrolls of teleportation
 r - 2 scrolls of poison
 s - 7 scrolls of fog
 t - 6 scrolls of immolation
 x - 2 scrolls of blinking
 y - a scroll of noise
 B - 2 scrolls of revelation
 E - 2 scrolls of fear
 G - a scroll of torment
 O - 2 scrolls of vulnerability
 Q - 2 scrolls of identify
Potions
 b - 3 potions of degeneration
 c - 2 potions of lignification
 d - 5 potions of enlightenment
 i - 5 potions of heal wounds
 m - 2 potions of attraction
 o - 4 potions of mutation
 p - 4 potions of curing
 q - 3 potions of berserk rage
 z - 2 potions of haste {unknown}
 A - 4 potions of invisibility
 C - a potion of resistance {unknown}
 R - a potion of magic {unknown}
 T - a potion of cancellation {unknown}


   Skills:
 - Level 15.0 Fighting
 - Level 0.3(9.5) Short Blades
 - Level 15.9(16.0) Long Blades
 - Level 11.0 Armour
 + Level 13.1 Dodging
 - Level 9.0 Evocations


You had 15 spell levels left.
You didn't know any spells.
Your spell library was empty.

Dungeon Overview and Level Annotations

Branches:
Dungeon (15/15)            Temple (0/1) D:6            Lair (5/5) D:10
 Shoals (0/4) Lair:2        Snake (1/4) Lair:3        Slime (0/5) Lair:5
    Orc (2/2) D:9             Elf (0/3) Orc:2        Vaults (0/5) D:14
 Depths (0/4) D:15

Altars:
Elyvilon
Fedhas
Makhleb
Okawaru
Ru
Sif Muna
Trog
Wu Jian
Yredelemnul
The Shining One

Shops:
D:11 (   Orc:2 *[!:

Portals:
Trove: D:11 (give 4 potions of resistance)

Annotations:
D:7 2 transporters, retardedninja's ghost, novice MDFi
D:13 1 transporter, jamsaran's ghost, journeyman DgAl
Lair:5 exclusion: oklob plant


Innate Abilities, Weirdness & Mutations

Your flesh is cold resistant. (rC+)
Your flesh is heat resistant. (rF+)
You can wield a second weapon in your off-hand.
It takes a long time for you to wield or remove held weapons.
Your first few attacks do less damage.
Your grasper-arms cannot wear rings.


Message History

Things that are here:
a +0 mace; a naga corpse You hit the naga warrior with your +3 double sword of flaming.
You burn the naga warrior.
You slash the naga warrior with your +2 scimitar of flaming!
You burn the naga warrior.
You feel very sick.
You slice the naga warrior with your +2 scimitar of flaming!!
You burn the naga warrior!
You slice the naga warrior with your +3 double sword of flaming!!
You burn the naga warrior.
You feel the power of Trog in you as your rage grows.
You kill the naga warrior!
Trog accepts your kill.
You feel very sick.
You feel very sick.
You feel a strong urge to attack something.
You feel very sick.
You feel very sick.
You feel your anger nearly subside.
You are no longer berserk.
You are exhausted.
You feel yourself slow down.
You feel very sick. The naga hits you with a +0 scimitar.
The naga closely misses you.
You slash the naga with your +3 double sword of flaming!
You burn the naga! You hit the naga but do no damage.
You feel very sick. The naga spits poison at you.
The splash of poison hits you but does no damage.
You are more poisoned.
You hit the naga with your +2 scimitar of flaming.
You burn the naga. You hit the naga but do no damage.
You feel extremely sick. The naga hits you with a +0 scimitar!!
* * * LOW HITPOINT WARNING * * *
You slash the naga with your +3 double sword of flaming!
You burn the naga.
You kill the naga!
Trog accepts your kill.
You die...

##### #...# #...# ####
######.... ## #...
#.....#... ...#...#####
#......... .......#...#
#.........
#.....#..)#####.##....#
#...$@..)......###..##
#...##..))......##.###
#.. #..#######......#
... .....# ##...... .##
#.....# ##......
#...### ###.......
.....#. #>........
.#####.. #.........
##.. #...##....


There were no monsters in sight!

Vanquished Creatures
  Saint Roka (Orc:2)
  Kirke (D:15)
  A fire giant (D:15)
  5 hydras
  Erica (Lair:1)
  5 ogre magi
  3 centaur warriors
  2 boulder beetles
  A death knight (D:13)
  3 catoblepae (Lair:5)
  19 two-headed ogres
  Urug (D:11)
  An occultist (D:15)
  10 death yaks
  A tengu warrior (D:15)
  2 naga warriors (Snake:1)
  3 skysharks
  A mana viper (Snake:1)
  2 orc knights
  A lindwurm (Lair:2)
  A harpy (shapeshifter) (D:15)
  19 ugly things
  4 manticores
  3 orc sorcerers
  2 salamanders (Snake:1)
  4 cyclopes
  15 elephants
  A guardian serpent (Snake:1)
  A naga mage (Snake:1)
  5 black mambas
  Joseph (D:8)
  2 gargoyles
  2 molten gargoyles (Lair:4)
  13 cane toads
  4 rime drakes
  An efreet (D:15)
  A rime drake (shapeshifter) (D:14)
  2 kobold demonologists (D:12)
  6 komodo dragons
  A queen bee (Snake:1)
  4 trolls
  A hornet (D:9)
  A wind drake (shapeshifter) (D:14)
  11 blink frogs
  2 polar bears
  7 slime creatures (D:12)
  A shadow (D:13)
  42 yaks
  3 wraiths
  6 wyverns
  2 basilisks
  A hog (D:15)
  5 wargs
  14 vampire mosquitoes
  A steam dragon (D:7)
  Menkaure (D:4)
  4 nagas (Snake:1)
  5 acid dragons
  23 water moccasins
  A sky beast (D:6)
  13 orc warriors
  2 laughing skulls (D:14)
  A black bear (D:10)
  4 ice beasts
  10 wolves (Lair:3)
  7 centaurs
  27 ogres
  3 kobold brigands
  2 gnoll sergeants
  11 scorpions
  13 bullfrogs
  4 killer bees (D:9)
  3 bombardier beetles
  5 lava snakes (Lair:4)
  2 howler monkeys (D:11)
  10 orc priests
  3 hounds
  3 jellies (D:5)
  A sleepcap (D:5)
  8 orc wizards
  4 iguanas
  12 hell rats
  12 gnolls
  13 adders
  A shadow imp (D:8)
  A white imp (D:7)
  4 ufetubi (D:7)
  2 ribbon worms (D:2)
  5 dart slugs
  47 orcs
  7 endoplasms
  6 giant cockroaches
  9 goblins
  12 hobgoblins
  6 jackals (D:1)
  4 quokkas
  5 ball pythons
  15 bats
  7 frilled lizards
  21 kobolds
  10 rats
622 creatures vanquished.

Vanquished Creatures (collateral kills)
  3 two-headed ogres (Orc:2)
  3 death yaks (Lair:3)
  An ogre (Orc:2)
7 creatures vanquished.

Vanquished Creatures (others)
  3 humans (D:15)
  An orc (Orc:2)
4 creatures vanquished.

Grand Total: 633 creatures vanquished

Notes
Turn   | Place    | Note
-------+----------+-------------------------------------------
     0 | D:1      | ragingrage the Coglin Berserker began the quest for the
                  | Orb.
     0 | D:1      | Reached XP level 1. HP: 18/18 MP: 1/1
    60 | D:1      | Reached XP level 2. HP: 24/24 MP: 2/2
   264 | D:1      | Reached XP level 3. HP: 29/29 MP: 3/3
   273 | D:1      | Found a faded altar of an unknown god.
   279 | D:1      | Reached ** piety under Trog
   889 | D:2      | Reached XP level 4. HP: 35/35 MP: 4/4
  1200 | D:2      | Reached skill level 5 in Long Blades
  2423 | D:3      | Reached XP level 5. HP: 37/41 MP: 5/5
  2509 | D:3      | Reached *** piety under Trog
  2941 | D:4      | Noticed Menkaure
  2965 | D:4      | Killed Menkaure
  2966 | D:4      | Reached XP level 6. HP: 40/47 MP: 6/6
  3798 | D:4      | Reached XP level 7. HP: 52/52 MP: 7/7
  4051 | D:5      | Entered Level 5 of the Dungeon
  4428 | D:5      | Reached XP level 8. HP: 58/58 MP: 8/8
  4673 | D:5      | Reached skill level 10 in Long Blades
  5351 | D:6      | Reached **** piety under Trog
  5541 | D:6      | Found a staircase to the Ecumenical Temple.
  5684 | D:6      | Reached XP level 9. HP: 63/63 MP: 9/9
  6926 | D:7      | Found a shimmering blue altar of Sif Muna.
  6943 | D:7      | Found an ornate altar of the Wu Jian Council.
  7143 | D:7      | Noticed a manticore
  7212 | D:7      | Found a transporter.
  7219 | D:7      | Found a transporter.
  7220 | D:7      | Noticed a moth of wrath
  7220 | D:7      | Noticed retardedninja's ghost (novice MDFi)
  7223 | D:7      | Found a bloodstained altar of Trog.
  7549 | D:7      | Found a sacrificial altar of Ru.
  7553 | D:7      | Found a basalt altar of Yredelemnul.
  7553 | D:7      | Found a blossoming altar of Fedhas.
  7601 | D:8      | Noticed a two-headed ogre
  7613 | D:8      | Killed a two-headed ogre
  7777 | D:8      | Noticed Joseph
  7792 | D:8      | Killed Joseph
  7793 | D:8      | Reached XP level 10. HP: 70/70 MP: 10/10
  8195 | D:8      | Noticed a two-headed ogre
  8204 | D:8      | Killed a two-headed ogre
  8572 | D:9      | Reached skill level 5 in Fighting
  8888 | D:9      | Reached skill level 5 in Dodging
  9226 | D:9      | Found a staircase to the Orcish Mines.
  9342 | D:9      | You fall into a shaft and drop 1 floor!
  9342 | D:10     | Entered Level 10 of the Dungeon
  9546 | D:10     | Noticed an elephant
  9624 | D:10     | Killed an elephant
  9625 | D:10     | Reached XP level 11. HP: 79/79 MP: 11/11
 10002 | D:10     | Found a staircase to the Lair.
 10255 | D:11     | Found Zuliutho's Antique Weapon Shop.
 10834 | D:11     | Noticed Urug
 10853 | D:11     | Killed Urug
 11107 | D:11     | Found a portal to a secret trove of treasure.
 11184 | D:11     | Found an iron altar of Okawaru.
 11676 | D:12     | Noticed a cyclops
 11681 | D:12     | Killed a cyclops
 11799 | D:12     | Noticed a manticore
 11812 | D:12     | HP: 4/130 [manticore (7)]
 11814 | D:12     | Killed a manticore
 12386 | Lair:1   | Entered Level 1 of the Lair of Beasts
 12449 | Lair:1   | Reached skill level 10 in Fighting
 13193 | Lair:1   | Reached XP level 12. HP: 98/98 MP: 12/12
 14193 | Lair:1   | Noticed Erica
 14285 | Lair:1   | Killed Erica
 15051 | Lair:2   | Noticed a skyshark
 15059 | Lair:2   | Killed a skyshark
 15105 | Lair:2   | Found a staircase to the Shoals.
 16575 | Lair:3   | Found a staircase to the Snake Pit.
 16686 | Lair:3   | Identified the +2 robe of the Moon Troll {Str+3 Int+3}
 16804 | Lair:3   | Noticed a six-headed hydra
 16817 | Lair:3   | Killed a six-headed hydra
 16942 | Lair:3   | Noticed a death yak
 16942 | Lair:3   | Noticed a death yak
 16942 | Lair:3   | Noticed a death yak
 16943 | Lair:3   | Noticed a death yak
 16943 | Lair:3   | Noticed a skyshark
 16943 | Lair:3   | Noticed a death yak
 16944 | Lair:3   | Noticed a death yak
 16957 | Lair:3   | Killed a death yak
 16958 | Lair:3   | Gained mutation: Your flesh is cold resistant. (rC+)
                  | [Coglin growth]
 16958 | Lair:3   | Gained mutation: Your flesh is heat resistant. (rF+)
                  | [Coglin growth]
 16958 | Lair:3   | Reached XP level 13. HP: 89/111 MP: 13/13
 16962 | Lair:3   | Reached skill level 5 in Armour
 17075 | Lair:3   | Reached skill level 10 in Dodging
 17778 | Lair:4   | Noticed Sonja
 17783 | Lair:4   | Sonja changed into Sonja the basilisk
 17783 | Lair:4   | Noticed Sonja
 17793 | Lair:4   | Killed Sonja the basilisk
 18195 | Lair:4   | Reached ***** piety under Trog
 18537 | Lair:4   | Reached XP level 14. HP: 109/118 MP: 14/14
 18792 | Lair:5   | Entered Level 5 of the Lair of Beasts
 18992 | Lair:5   | Reached skill level 10 in Armour
 19317 | Lair:5   | Found a staircase to the Slime Pits.
 19324 | Lair:5   | Found a white marble altar of Elyvilon.
 19532 | Lair:5   | Received a gift from Trog
 20056 | Lair:5   | Reached skill level 15 in Long Blades
 21522 | D:13     | Found a transporter.
 21524 | D:13     | Noticed jamsaran's ghost (journeyman DgAl)
 21898 | D:14     | Reached skill level 1 in Evocations
 22076 | D:14     | Found a glowing golden altar of the Shining One.
 22088 | D:14     | Reached XP level 15. HP: 90/123 MP: 15/15
 22253 | D:14     | Found a gate to the Vaults.
 22723 | Orc:1    | Entered Level 1 of the Orcish Mines
 22882 | Orc:2    | Entered Level 2 of the Orcish Mines
 22882 | Orc:2    | Found a staircase to the Elven Halls.
 22982 | Orc:2    | Noticed Saint Roka
 23000 | Orc:1    | Received a gift from Trog
 23017 | Orc:1    | Reached skill level 5 in Evocations
 23244 | Orc:2    | Killed Saint Roka
 23660 | Orc:2    | Paralysed by something for 4 turns
 23701 | Orc:2    | Found Ikkag's General Store.
 23701 | Orc:2    | Found Duzoir's Distillery.
 23704 | Orc:2    | Found Raseim's Antique Armour Shoppe.
 23704 | Orc:2    | Found Noesag's Book Boutique.
 23772 | Orc:2    | Bought 2 potions of heal wounds for 140 gold pieces
 23775 | Orc:2    | Bought a scroll of summoning for 161 gold pieces
 24894 | D:15     | Entered Level 15 of the Dungeon
 24894 | D:15     | Found a burning altar of Makhleb.
 24929 | D:15     | Noticed Kirke
 24944 | D:15     | Killed Kirke
 24983 | D:15     | Received a gift from Trog
 25030 | D:14     | Reached XP level 16. HP: 92/134 MP: 16/16
 25305 | D:15     | Found a staircase to the Depths.
 25813 | Snake:1  | Entered Level 1 of the Snake Pit
 26025 | Snake:1  | Reached skill level 15 in Fighting
 26041 | Snake:1  | HP: 3/136 [naga/+0 scimitar (31)]
 26042 | Snake:1  | Succumbed to a naga's splash of poison

Illustrated notes

Levels and vault maps discovered:
D:1:      lightli_arrival_flooded_house, layout_basic,
          ebering_ecumenical_altar_sacrificial, st_stairs_14
D:2:      layout_loops_corners, minmay_octomino_c4
D:3:      layout_basic, dreamdust_mushroom_princess
D:4:      old_forge, layout_basic, uniq_menkaure
D:5:      layout_loops_corners, st_stairs_14, chequers_serial_rivers_micro_e,
          chequers_big_river, kennysheep_windowed_goal
D:6:      layout_loops_cross, minmay_temple_entry_slanted, chequers_arboretum
D:7:      layout_loops_ring, nicolae_sif_muna_little_library,
          gammafunk_temple_overflow_forgotten, mainiacjoe_overflow_alcove_2,
          gammafunk_ghost_wrathful_warriors, lightli_corner_chamber
D:8:      layout_rooms, nicolae_letterblocks [nicolae_letter_subblock,
          nicolae_letter_subblock, nicolae_letter_subblock,
          nicolae_letter_subblock, nicolae_letter_subblock,
          nicolae_letter_subblock, nicolae_letter_subblock,
          nicolae_letter_subblock, nicolae_letter_subblock,
          nicolae_letter_subblock, nicolae_letter_subblock,
          nicolae_letter_subblock, nicolae_letter_subblock,
          nicolae_letter_subblock, nicolae_letter_subblock,
          nicolae_letter_subblock, nicolae_letter_subblock,
          nicolae_letter_subblock, nicolae_letter_subblock,
          nicolae_letter_subblock, nicolae_letter_subblock,
          nicolae_letter_subblock, nicolae_letter_subblock,
          nicolae_letter_subblock, nicolae_letter_subblock], uniq_joseph
D:9:      layout_basic, orc_0_dummy
D:10:     layout_roguey, grunt_lair_entry_orc_guard_hut,
          serial_library_hellmonk_angled_corner
D:11:     layout_basic, serial_shops, nicolae_shop_peninsula, enter_trove_3,
          hellmonk_okawaru_the_only_friend_you_need, uniq_urug
D:12:     layout_roguey
D:13:     layout_basic, gammafunk_ghost_smash, kennysheep_another_room,
          minivault_26
D:14:     layout_small_grid, david_vaults_2, nicolae_tso_carved_into_rock,
          minmay_liquid_box
D:15:     grunt_enter_depths_giant_problem, layout_rooms, bloody_makhleb,
          uniq_kirke
Lair:1:   layout_chaotic_city, uniq_erica
Lair:2:   layout_layer_cave, minmay_shoals_entry_centaurs, serial_bayou_shore_a
Lair:3:   layout_roguey, minmay_snake_entry_six_corridors
Lair:4:   cheibrodos_magma_flow, layout_cave_shapes, beast_lair_carwin_8,
          uniq_sonja
Lair:5:   evilmike_catoblepas_cave, layout_cellular_growth, slime_entry_1,
          lemuel_oklob_altar, grunt_megastairs_2
Snake:1:  layout_misc_corridors
Orc:1:    layout_diamond_mine
Orc:2:    st_orc_ogre_mass, layout_diamond_mine, uniq_saint_roka

Skill      XL: |  1  2  3  4  5  6  7  8  9 10 11 12 13 14 15 16 |
---------------+-------------------------------------------------+-----
Long Blades    | 4 5 6 7 9 11 14 15 | 15.9
Dodging        | 2 7 8 9 11 12 13 | 13.1
Fighting       | 5 10 13 14 15 | 15.0
Armour         | 4 9 10 11 | 11.0
Evocations     | 2 8 9 |  9.0
Short Blades   | |  0.3

Action                     |  1- 3 |  4- 6 |  7- 9 | 10-12 | 13-15 | 16-18 || total
---------------------------+-------+-------+-------+-------+-------+-------++-------
  Melee: Falchion          |   117 |   165 |   238 |   399 |       |       ||   919
         Short sword       |    34 |    47 |       |       |       |       ||    81
         Dagger            |       |       |   181 |   375 |       |       ||   556
         Scimitar          |       |       |       |   110 |   699 |    55 ||   864
         Long sword        |       |       |       |    97 |   276 |       ||   373
         Double sword      |       |       |       |       |   420 |    56 ||   476
  Throw: Dart              |       |       |       |     9 |    15 |       ||    24
 Invoke: Berserk           |     2 |     3 |     8 |    16 |     9 |     1 ||    39
         Trog's Hand       |       |     1 |       |     1 |     3 |       ||     5
         Brothers in Arms  |       |       |       |     1 |     3 |       ||     4
  Evoke: Wand              |       |       |       |     1 |     3 |     1 ||     5
    Use: Scroll            |       |     7 |     7 |     5 |     7 |       ||    26
         Potion            |       |       |       |     3 |     1 |       ||     4
   Stab: Sleeping          |     2 |     2 |       |       |       |       ||     4
         Held in net/web   |       |     2 |       |       |       |       ||     2
 Armour: Animal skin       |    59 |    18 |       |       |       |       ||    77
         Plate armour      |       |    71 |   233 |   421 |   602 |    58 ||  1385
         Skin              |       |       |     1 |       |       |       ||     1
  Dodge: Dodged            |    77 |    46 |    52 |   158 |   296 |    26 ||   655

Table legend: (Time is in decaauts)
 A = Elapsed time spent in this place.
 B = Non-inter-level travel time spent in this place.
 C = Inter-level travel time spent in this place.
 D = Time resting spent in this place.
 E = Time spent auto-exploring this place.
 F = Levels seen in this place.
 G = Mean time per level.
                   A        B        C        D        E       F      G
               +--------+--------+--------+--------+--------+-----+--------+
         Total |  25923 |  24033 |   1890 |   5363 |  14967 |  23 | 1127.1 |
       Dungeon |  16359 |  14927 |   1432 |   2753 |  10054 |  15 | 1090.6 |
          Lair |   7970 |   7638 |    332 |   2344 |   4088 |   5 | 1594.0 |
     Snake Pit |    214 |    214 |      0 |     50 |     99 |   1 |  214.0 |
  Orcish Mines |   1379 |   1255 |    124 |    214 |    725 |   2 |  689.5 |
               +--------+--------+--------+--------+--------+-----+--------+

Top non-repeatable levels by time:
  Lair:1: 2539 daAuts
    D:12: 1850 daAuts
     D:2: 1511 daAuts
     D:9: 1486 daAuts
  Lair:5: 1478 daAuts
  Lair:2: 1467 daAuts
     D:4: 1311 daAuts
     D:5: 1305 daAuts
  Lair:3: 1275 daAuts
  Lair:4: 1210 daAuts
    D:11: 1207 daAuts
     D:7: 1199 daAuts
    D:10: 1065 daAuts
     D:6: 976 daAuts
   Orc:2: 869 daAuts
